 Dungeon Crawl Stone Soup version 0.27-a0-1196-g3e9cee4cb2 (webtiles) character file.

Game seed: 10534370493855632894

70 freelancePsychic the Bolt Thrower (level 4, -9/22 HPs)
             Began as a Spriggan Hunter on May 29, 2021.
             Killed from afar by Robin (11 damage)
             ... with a puff of flame
             ... on level 2 of the Dungeon.
             The game lasted 00:05:17 (2558 turns).

freelancePsychic the Bolt Thrower (Spriggan Hunter) Turns: 2558, Time: 00:05:18

Health: -9/22      AC:  2    Str:  9    XL:     4   Next: 4%
Magic:  5/5        EV: 18    Int: 12    God:
Gold:   89         SH:  0    Dex: 15    Spells: 3/3 levels left

rFire    . . .     SeeInvis +   b - +2 dagger (vamp)
rCold    . . .     Faith    .   (shield restricted)
rNeg     . . .     Spirit   .   c - +0 robe
rPois    .         Reflect  .   (helmet restricted)
rElec    .         Harm     .   (no cloak)
rCorr    .         Rampage  .   (gloves unavailable)
Will     .....                  (boots unavailable)
Stlth    +++.......             (no amulet)
HPRegen  0.07/turn              (no ring)
MPRegen  0.09/turn              (no ring)

@: very quick
A: very small, no large weapons, unfitting armour, see invisible, speed 3
a: no special abilities


You were on level 2 of the Dungeon.
You visited 1 branch of the dungeon, and saw 2 of its levels.

You collected 89 gold pieces.

Inventory:

Hand Weapons
 a - a +1 hand crossbow
 b - a +2 vampiric dagger (weapon)
Missiles
 d - 14 bolts
Armour
 c - a +0 robe (worn)
Jewellery
 o - a ring of resist corrosion
Scrolls
 e - 2 scrolls of magic mapping {unknown}
 k - 2 scrolls of identify {unknown}
 n - a scroll of fear {unknown}
Potions
 f - a potion of lignification {unknown}
 g - a potion of ambrosia {unknown}
 h - a potion of curing {@q1}
 i - a potion of heal wounds {unknown}
 j - 2 potions of might {unknown}
 l - a potion of degeneration {unknown}
 m - a potion of mutation {unknown}


   Skills:
 - Level 1.5 Fighting
 + Level 2.1 Short Blades
 - Level 4.0 Crossbows
 + Level 4.0 Dodging
 + Level 3.8 Stealth


You had 3 spell levels left.
You didn't know any spells.
Your spell library was empty.

Dungeon Overview and Level Annotations

Branches:
Dungeon (2/15)

Altars:

Shops:
D:1 (

Annotations:
D:1 Terence
D:2 Robin


Innate Abilities, Weirdness & Mutations

You are very small and have problems with some larger weapons.
You are too small for most types of armour.
You have supernaturally acute eyesight. (SInv)
You cover ground extremely quickly. (Speed+++)


Message History

You have reached level 4!
You hit the goblin.
The goblin is moderately wounded.
The goblin closely misses you.
You hit the goblin.
You kill the goblin!
The goblin closely misses you.
Items here: )) ††.
You hit the goblin.
The goblin is almost dead.
The goblin closely misses you.
You hit the goblin.
You kill the goblin!
Items here: ( )) †.
Robin is nearby!
Unknown command.
Robin shouts!
You hear a shout! x4
You hit Robin.
Robin is lightly wounded.
Robin zaps a wand.
The puff of flame hits you.
You closely miss Robin.
Robin is lightly wounded.
Robin hits you but does no damage.
You barely miss Robin.
Robin is lightly wounded.
Robin zaps a wand.
The puff of flame hits you!
Ouch! That really hurt!
* * * LOW HITPOINT WARNING * * *
Okay, then.
It was a potion of curing.
You feel better. Robin closely misses you.
Robin zaps a wand.
The puff of flame hits you!
* * * LOW HITPOINT WARNING * * *
Items here: ( )) †.
Robin zaps a wand.
The puff of flame hits you!
Ouch! That really hurt!
You die...

### #.# ######.#
#....@.# ###.####)#
..#.# #.# ... #.#.#
#.# ... #.#.####.#
... #.#....#g#
##.#######.#.##.#.#
#......>......# #.#
#..####.......# #.#


You could see Robin.

Vanquished Creatures
  2 adders
  A worm (D:2)
  2 dart slugs (D:2)
  2 endoplasms (D:1)
  2 giant cockroaches (D:1)
  4 hobgoblins (D:1)
  3 jackals (D:1)
  A quokka (D:1)
  3 ball pythons (D:2)
  8 bats
  7 goblins
  4 kobolds
  5 rats (D:1)
44 creatures vanquished.

Notes
Turn   | Place    | Note
-------+----------+-------------------------------------------
     0 | D:1      | freelancePsychic the Spriggan Hunter began the quest for
                  | the Orb.
     0 | D:1      | Reached XP level 1. HP: 10/10 MP: 2/2
   116 | D:1      | Found Heoxewn's Antique Weapon Shoppe.
   247 | D:1      | Reached XP level 2. HP: 14/14 MP: 3/3
   298 | D:1      | Reached skill level 1 in Short Blades
   968 | D:1      | Reached XP level 3. HP: 18/18 MP: 4/4
  1337 | D:2      | Noticed Terence
  1915 | D:2      | Found a faded altar of an unknown god.
  2516 | D:2      | Noticed Robin
  2538 | D:2      | Reached XP level 4. HP: 22/22 MP: 5/5
  2558 | D:2      | Killed from afar by Robin

Illustrated notes

Levels and vault maps discovered:
D:1:      tarquinn_simple_flora_water_f, layout_basic, serial_shops,
          nicolae_shop_statue_plus, minmay_tiny_reverse_x
D:2:      layout_basic, shapermc_ecumenical_altar_mp_ritualfount,
          kennysheep_nub, minmay_misc_feat_rugged, uniq_robin, uniq_terence

Skill      XL: |  1  2  3 |
---------------+----------+-----
Stealth        | 2 3 |  3.8
Dodging        | 3 4 |  4.0
Short Blades   | 1 2 |  2.1
Fighting       | |  1.5
Crossbows      | |  4.0

Action                   |  1- 3 |  4- 6 || total
-------------------------+-------+-------++-------
Melee: Short sword       |    31 |       ||    31
       Dagger            |   111 |     7 ||   118
 Fire: Hand crossbow     |    33 |       ||    33
  Use: Potion            |       |     1 ||     1
 Stab: Sleeping          |     4 |       ||     4
Armor: Robe              |    26 |     1 ||    27
Dodge: Dodged            |   167 |     4 ||   171

Table legend: (Time is in decaauts)
 A = Elapsed time spent in this place.
 B = Non-inter-level travel time spent in this place.
 C = Inter-level travel time spent in this place.
 D = Time resting spent in this place.
 E = Time spent auto-exploring this place.
 F = Levels seen in this place.
 G = Mean time per level.
                   A        B        C        D        E       F      G
               +--------+--------+--------+--------+--------+-----+--------+
         Total |   1827 |   1759 |     68 |     37 |   1337 |   2 |  913.5 |
       Dungeon |   1827 |   1759 |     68 |     37 |   1337 |   2 |  913.5 |
               +--------+--------+--------+--------+--------+-----+--------+

Top non-repeatable levels by time:
     D:1: 1040 daAuts
     D:2: 787 daAuts
